[Event "Betsys MČR v online bleskovém šachu 2021"]
[Site "Chess.com"]
[Date "2021.04.17"]
[Round "9"]
[White "OndrejBorkovec"]
[Black "VojtaT"]
[Result "0-1"]
[WhiteElo "1506"]
[BlackElo "1736"]
[TimeControl "180+1"]
[EndTime "10:28:57 PDT"]
[Termination "Uživatel VojtaT zvítězil matem"]

1. c4 e5 2. f4 exf4 3. Nf3 Nc6 4. d4 d6 5. Bxf4 Nf6 6. e3 Bg4 7. Bd3 Be7 8. O-O O-O 9. Nc3 a6 10. Bc2 d5 11. cxd5 Nxd5 12. Nxd5 Qxd5 13. Qd3 g6 14. Bh6 Rfe8 15. Bb3 Qh5 16. Nd2 Be6 17. Bxe6 fxe6 18. Bf4 Bd6 19. Bxd6 cxd6 20. Qc4 d5 21. Qd3 Rf8 22. Nf3 Rac8 23. Rac1 Qg4 24. Qb3 b5 25. Qa3 a5 26. Qb3 b4 27. Qa4 Ne7 28. Qxa5 Nf5 29. Ne5 Qg5 30. Qxb4 Nxe3 31. Rxf8+ Rxf8 32. g3 Ng4 33. Qd6 Qxc1+ 34. Kg2 Qf1# 0-1

[Event "Betsys MČR v online bleskovém šachu 2021"]
[Site "Chess.com"]
[Date "2021.04.17"]
[Round "9"]
[White "dnovotny"]
[Black "vaclavbelaska"]
[Result "1-0"]
[WhiteElo "1722"]
[BlackElo "1397"]
[TimeControl "180+1"]
[EndTime "10:28:59 PDT"]
[Termination "Uživatel dnovotny zvítězil po vzdání soupeře"]

1. d4 Nf6 2. Nc3 d5 3. Bf4 Bf5 4. f3 e6 5. g4 Bg6 6. h4 h6 7. e3 c5 8. Nge2 Nc6 9. Bg3 cxd4 10.
exd4 Nb4 11. Rc1 Bd6 12. Nf4 Qc7 13. Qd2 Nxc2+ 14. Kd1 Bxf4 15. Bxf4 Qd7 16. Bb5 1-0

[Event "Betsys MČR v online bleskovém šachu 2021"]
[Site "Chess.com"]
[Date "2021.04.17"]
[Round "9"]
[White "Dasty78"]
[Black "HonzaRubes95"]
[Result "0-1"]
[WhiteElo "2018"]
[BlackElo "2461"]
[TimeControl "180+1"]
[EndTime "10:29:06 PDT"]
[Termination "Uživatel HonzaRubes95 zvítězil po vzdání soupeře"]

1. e4 c5 2. Nf3 Nc6 3. Nc3 g6 4. d4 cxd4 5. Nxd4 Bg7 6. Be3 Nf6 7. Nxc6 bxc6 8. e5 Ng8 9. f4 f6 10. e6 dxe6 11. Qxd8+ Kxd8 12. O-O-O+ Kc7 13. Bc4 f5 14. Rhe1 Nf6 15. Bc5 Nd5 16. Nxd5+ cxd5 17. Bb3 Bf6 18. h3 Bd7 19. g4 a5 20. g5 Bg7 21. a4 Rhb8 22.
Bxe7 Bf8 23. Bxf8 Rxf8 24. c3 Rab8 25. Bc2 Rb6 26. b3 Rfb8 27. Rd4 Rc6 28. Kd2 Kd6 29.
h4 Rbc8 30. Re3 Be8 31. Bd1 R8c7 32. Be2 Rb6 33. Bd1 Bd7 34. Be2 Rxb3 35. Bd1 Rb2+ 36.
Kd3 Bc8 37. Rh3 Ba6+ 0-1

[Event "Betsys MČR v online bleskovém šachu 2021"]
[Site "Chess.com"]
[Date "2021.04.17"]
[Round "9"]
[White "ZdenekRomanek"]
[Black "pkozubik"]
[Result "0-1"]
[WhiteElo "1574"]
[BlackElo "1182"]
[TimeControl "180+1"]
[EndTime "10:29:07 PDT"]
[Termination "Uživatel pkozubik zvítězil po vzdání soupeře"]

1. d4 Nf6 2. c4 g6 3. Nc3 Bg7 4. e4 d6 5. Bd3 O-O 6. f4 Nc6 7. Nf3 Bg4 8. Be3 e5 9. d5 Nb4 10. Bb1 exf4 11. Bxf4 Re8 12. O-O c6 13. Qb3 c5 14. a3 Na6 15. Qxb7 Rb8 16. Qxa6 Rxb2 17. Qxd6 Qa5 18. e5 Nh5 19. Ne4 Nxf4 20. Nxc5 Bxf3 21.
Rxf3 Qe1+ 22. Rf1 Rxg2+ 0-1

[Event "Betsys MČR v online bleskovém šachu 2021"]
[Site "Chess.com"]
[Date "2021.04.17"]
[Round "9"]
[White "tudlenudle"]
[Black "Paulz64"]
[Result "0-1"]
[WhiteElo "1953"]
[BlackElo "2474"]
[TimeControl "180+1"]
[EndTime "10:29:08 PDT"]
[Termination "Uživatel Paulz64 zvítězil po vzdání soupeře"]

1. e4 c5 2. Nf3 e6 3. d4 cxd4 4. Nxd4 a6 5. Nc3 Qc7 6. g3 Bb4 7. Ne2 Nf6 8. Bg2 O-O 9. O-O d6 10. a3 Ba5 11. b4 Bb6 12. Bb2 Nbd7 13. h3 Ne5 14. Rc1 Nc4 15. Ba1 Nxa3 16. Kh2 Nc4 17. Qd3 Bd7 18. Nd4 Rac8 19. f4 e5 20. Nf5 Bxf5 21. exf5 Rfe8 22. g4 Be3 23. Rce1 exf4 24. g5 Ne5 25. Qd1 Nfd7 26. Be4 Qc4 27. Qh5 d5 28.
Bxd5 Qxb4 29. Ne4 Rxc2+ 30. Kh1 Qb5 31. Bxf7+ Nxf7 32. g6 hxg6 33. fxg6 Qxh5 0-1

[Event "Betsys MČR v online bleskovém šachu 2021"]
[Site "Chess.com"]
[Date "2021.04.17"]
[Round "9"]
[White "bumurubac"]
[Black "Tomasn2003"]
[Result "0-1"]
[WhiteElo "1022"]
[BlackElo "1153"]
[TimeControl "180+1"]
[EndTime "10:29:10 PDT"]
[Termination "Uživatel Tomasn2003 zvítězil matem"]

1. e4 c5 2. Bc4 Nc6 3. Qh5 d5 4. exd5 Na5 5. Bb3 Nxb3 6. cxb3 Nf6 7. Qf3 Qxd5 8. Qxd5 Nxd5 9. Nc3 Nxc3 10. dxc3 g6 11. Nf3 Bg7 12. O-O Bg4 13. Bg5 Bxf3 14. gxf3 e6 15.
Rad1 O-O 16. Rd7 b6 17. Rfd1 h6 18. Be7 Rfe8 19. Bd6 Red8 20. Be7 Rxd7 21. Rxd7 Bf8 22. Rd8 Rxd8 23. Bxd8 f5 24. b4 cxb4 25. cxb4 Bxb4 26. a3 Bd2 27. Bh4 Bc1 28. Bf6 Kf7 29. Bd4 h5 30. Kf1 a5 31. h4 b5 32. Be5 b4 33. axb4 axb4 34. Ke1 Bh6 35. Kd1 g5 36. hxg5 Bxg5 37. Kc2 Bf6 38. Bg3 h4 39. Bf4 e5 40. Bh2 e4 41. fxe4 fxe4 42. Kd2 Ke6 43. Kc2 Be5 44. Bg1 h3 45. Kb3 h2 46. Bxh2 Bxh2 47. Kxb4 Bg1 48.
b3 Bxf2 49. Kc4 Kf5 50. b4 Kf4 51. b5 Kf3 52. Kb4 e3 53. Kc3 e2 54. Kd3 e1=Q 55. Kc4 Qe2+ 56. Kc3 Qxb5 57. Kc2 Qd5 58. Kc1 Ke2 59.
Kb1 Qc6 60. Ka2 Qb7 61. Ka1 Kd2 62. Ka2 Kc2 63. Ka3 Qb3# 0-1

[Event "Betsys MČR v online bleskovém šachu 2021"]
[Site "Chess.com"]
[Date "2021.04.17"]
[Round "9"]
[White "sachistamartin"]
[Black "FMD-MP"]
[Result "0-1"]
[WhiteElo "1430"]
[BlackElo "1727"]
[TimeControl "180+1"]
[EndTime "10:29:12 PDT"]
[Termination "Uživatel FMD-MP zvítězil po vzdání soupeře"]

1. c4 c5 2. Nc3 Nc6 3. Nf3 g6 4. e3 Bg7 5. Be2 d6 6. O-O e5 7. b3 Nge7 8. Bb2 O-O 9. d3 h6 10. Qd2 Kh7 11. Rad1 f5 12. a3 b6 13. d4 cxd4 14.
exd4 e4 15. Ne1 Nxd4 16. Nd5 Nxe2+ 17. Qxe2 Nxd5 18. Bxg7 Kxg7 19. Rxd5 Bb7 20. Rd4 Qf6 21. Nc2 Rad8 22. Rfd1 Rd7 23. Qe3 Rfd8 24. Nb4 f4 25.
Qc3 d5 26. Qh3 a5 27. Nxd5 Bxd5 28. cxd5 e3 29. f3 e2 30. Re1 Qxd4+ 31. Kh1 Qf2 0-1

[Event "Betsys MČR v online bleskovém šachu 2021"]
[Site "Chess.com"]
[Date "2021.04.17"]
[Round "9"]
[White "EXTREME_STRATEGY007"]
[Black "Miky2610"]
[Result "0-1"]
[WhiteElo "1289"]
[BlackElo "1825"]
[TimeControl "180+1"]
[EndTime "10:29:17 PDT"]
[Termination "Uživatel Miky2610 zvítězil po vzdání soupeře"]

1. e4 c6 2. d4 d5 3. Nc3 dxe4 4.
Nxe4 Bf5 5. Ng3 Bg6 6. h4 h6 7. h5 Bh7 8. Nf3 Nd7 9. Bd3 Bxd3 10. Qxd3 Qc7 11. Ne4 Ngf6 12. g3 O-O-O 13. Bf4 Qb6 14. Qb3 Nd5 15. Qxb6 N7xb6 16. Ne5 Rg8 17. Nxf7 Rd7 18.
Ne5 Rd8 19. c4 Nxf4 20. gxf4 Rxd4 21. f3 Nxc4 22. Nxc4 Rxc4 23. Kd2 e6 24. Rac1 Bb4+ 25.
Nc3 Rd4+ 26. Ke3 Rgd8 27. Rhd1 Bxc3 28. Rxd4 Bxd4+ 29. Ke4 Bf6 30. Rg1 Rd7 31. f5 exf5+ 32. Kxf5 Rd5+ 33. Ke6 Rxh5 34. Kf7 Rg5 35. Re1 Kd7 36.
f4 Rg4 37. Rd1+ Kc7 38. f5 h5 39. Ke6 Re4+ 40. Kf7 h4 0-1

[Event "Betsys MČR v online bleskovém šachu 2021"]
[Site "Chess.com"]
[Date "2021.04.17"]
[Round "9"]
[White "adiklan"]
[Black "misa2009"]
[Result "1-0"]
[WhiteElo "1899"]
[BlackElo "1512"]
[TimeControl "180+1"]
[EndTime "10:29:21 PDT"]
[Termination "Uživatel adiklan zvítězil po vzdání soupeře"]

1. e4 e5 2. Bc4 Nc6 3. d4 exd4 4.
Nf3 Nf6 5. O-O Be7 6. e5 Ng4 7. Re1 d6 8. e6 Bxe6 9. Bxe6 fxe6 10. Rxe6 Nf6 11. Nxd4 Nxd4 12. Qxd4 Qd7 13. Re2 O-O 14.
Nc3 c5 15. Qe3 Rfe8 16. Qe6+ Qxe6 17. Rxe6 Bf8 18. Rxe8 Rxe8 19. Bf4 d5 20. Kf1 d4 21.
Nb5 a6 22. Nd6 Bxd6 23. Bxd6 Rc8 24. Re1 b6 25. Re7 Nd5 26. Ra7 a5 27. Be5 Re8 28. f4 Rf8 29. Rxg7+ Kh8 30. Rd7+ Nf6 31. Rd6 Kg7 32.
Rxb6 Kg6 33. Rxf6+ Rxf6 34. Bxf6 Kxf6 35. g4 Kg6 36.
Ke2 h5 37. h3 h4 38. Kd3 Kf6 39. Kc4 Ke6 40. Kxc5 1-0

[Event "Betsys MČR v online bleskovém šachu 2021"]
[Site "Chess.com"]
[Date "2021.04.17"]
[Round "9"]
[White "honzasoucek"]
[Black "Sfreedom01"]
[Result "1-0"]
[WhiteElo "1630"]
[BlackElo "1343"]
[TimeControl "180+1"]
[EndTime "10:29:21 PDT"]
[Termination "Uživatel honzasoucek zvítězil po vzdání soupeře"]

1. e4 e5 2. Nf3 Nc6 3. d4 d6 4.
Nc3 exd4 5. Nxd4 Nxd4 6. Qxd4 Qf6 7. Qd3 Nh6 8. f3 Be7 9. Be3 O-O 10. Be2 c5 11. O-O-O Be6 12. g4 c4 13. Qd2 Qe5 14. g5 Ng4 15. fxg4 b5 16. Nd5 Bxd5 17. Qxd5 Rad8 18.
Qxe5 dxe5 19. Bxa7 Bxg5+ 20. Kb1 Ra8 21. Bc5 Rfd8 22. a3 g6 23. h4 Bf4 24. Be7 Rxd1+ 25. Rxd1 Kg7 26. g5 h6 27. Bf6+ Kh7 28.
Rd7 hxg5 29. Rxf7+ Kh6 30. hxg5+ Bxg5 31. Bxg5+ Kxg5 32. Rb7 Ra5 33. Kc1 Kf4 34. Kd2 Kxe4 35. Rg7 Ra6 36. Kc3 Ke3 37. Bg4 Kf4 38. Bc8 g5 39.
Bxa6 g4 40. Bxb5 g3 41. Bxc4 Kf3 42. Bd5+ e4 43. Kd4 g2 44. Bxe4+ Kf2 45. Rxg2+ 1-0

[Event "Betsys MČR v online bleskovém šachu 2021"]
[Site "Chess.com"]
[Date "2021.04.17"]
[Round "9"]
[White "DenisaD2008"]
[Black "Ondre2836"]
[Result "0-1"]
[WhiteElo "964"]
[BlackElo "1249"]
[TimeControl "180+1"]
[EndTime "10:29:22 PDT"]
[Termination "Uživatel Ondre2836 zvítězil matem"]

1. e4 d5 2. exd5 Qxd5 3. Nc3 Qa5 4. d4 Nf6 5. Bd2 c6 6. Ne4 Qc7 7. Bd3 Nxe4 8. Bxe4 Be6 9. Nf3 Bg4 10. h3 Bh5 11. g4 Bg6 12. Bxg6 hxg6 13. Qe2 e6 14.
O-O-O Bd6 15. g5 Nd7 16. Bc3 O-O-O 17. Qd2 Rhe8 18. h4 Kb8 19. Bb4 Bf4 20. Ne5 Bxd2+ 21. Rxd2 Nxe5 22. dxe5 Rxd2 23. Bxd2 Qxe5 24. Re1 Qf5 25. b3 Rd8 26. Be3 Qg4 27. a4 Qxh4 28. f3 Qxe1+ 29. Kb2 Qxe3 30. Ka3 Qc1+ 31. Kb4 Qxc2 32.
a5 Rd4+ 33. Ka3 Qc1+ 34. Ka2 Rd2# 0-1

[Event "Betsys MČR v online bleskovém šachu 2021"]
[Site "Chess.com"]
[Date "2021.04.17"]
[Round "9"]
[White "marfuss"]
[Black "KarelZalesky"]
[Result "0-1"]
[WhiteElo "1974"]
[BlackElo "1935"]
[TimeControl "180+1"]
[EndTime "10:29:23 PDT"]
[Termination "Uživatel KarelZalesky zvítězil po vzdání soupeře"]

1. d4 Nf6 2. Bf4 Nc6 3. e3 d6 4. Nf3 Bf5 5. Bd3 Bxd3 6. Qxd3 g6 7. c4 Nh5 8. Bg3 Bg7 9. a3 e5 10. d5 Ne7 11. Nc3 Nf5 12. Rc1 O-O 13. O-O Re8 14.
e4 Nd4 15. Ne2 Nxe2+ 16. Qxe2 Nxg3 17. hxg3 Bh6 18. Rc2 Qd7 19. b4 b6 20. c5 bxc5 21.
bxc5 dxc5 22. Rxc5 Bf8 23. Rc3 Bd6 24. Rfc1 Reb8 25.
Ne1 Rb6 26. Nd3 Rab8 27. Nc5 Qb5 28. a4 Qxe2 0-1

[Event "Betsys MČR v online bleskovém šachu 2021"]
[Site "Chess.com"]
[Date "2021.04.17"]
[Round "9"]
[White "zaciname"]
[Black "malviny"]
[Result "0-1"]
[WhiteElo "732"]
[BlackElo "1169"]
[TimeControl "180+1"]
[EndTime "10:29:25 PDT"]
[Termination "Uživatel malviny zvítězil matem"]

1. e4 e5 2. Nf3 Nc6 3. Bc4 Be7 4. d3 Nf6 5. h3 d6 6. Be3 O-O 7. Qd2 a6 8. Nc3 b5 9. Bb3 Nb4 10. Nxb5 axb5 11. Qxb4 Bd7 12. Qd2 c5 13. a3 Qc7 14.
O-O c4 15. dxc4 bxc4 16. Ba2 Be6 17. c3 Rfb8 18. Rab1 Nxe4 19. Ng5 Nxd2 20. Bxd2 Bxg5 21. Bxg5 f6 22. Be3 Rb7 23. Rfd1 Rab8 24. Rd2 Bf5 25. Rbd1 Bd3 26. Bb1 Rxb2 27. Bxd3 Rxd2 28. Rxd2 cxd3 29. Rxd3 Qc4 30. Rxd6 Qxc3 31. Kh2 Qxa3 32. Rc6 Qa2 33. Rc1 e4 34. Bf4 Rb2 35. Rc8+ Kf7 36. Bd6 Rxf2 37. Rc7+ Kg6 38. Bg3 Rxg2+ 39. Kh1 Rxg3 40.
Rc1 Rxh3+ 41. Kg1 Qh2+ 42. Kf1 Rg3 43. Ke1 Rg1# 0-1

[Event "Betsys MČR v online bleskovém šachu 2021"]
[Site "Chess.com"]
[Date "2021.04.17"]
[Round "9"]
[White "youhy"]
[Black "Terilka"]
[Result "0-1"]
[WhiteElo "1766"]
[BlackElo "1565"]
[TimeControl "180+1"]
[EndTime "10:29:28 PDT"]
[Termination "Uživatel Terilka zvítězil na čas"]

1. e4 e6 2. d4 d5 3. Nd2 Nf6 4. e5 Nfd7 5. Bd3 c5 6. c3 Nc6 7.
Ne2 Qb6 8. Nf3 Be7 9. O-O f6 10. exf6 Nxf6 11. a3 a5 12. Qc2 c4 13. Bg6+ hxg6 14.
Qxg6+ Kd7 15. Qxg7 Rg8 16. Qf7 Nd8 17. Ne5+ Kd6 18.
Qxg8 Nxg8 19. Bf4 Qa6 20. b4 cxb3 21. Rab1 a4 22. c4 dxc4 23. Nc3 Bf6 24. Ne4+ Ke7 25. Ng6+ Kf7 0-1

[Event "Betsys MČR v online bleskovém šachu 2021"]
[Site "Chess.com"]
[Date "2021.04.17"]
[Round "9"]
[White "pburak"]
[Black "Federer302"]
[Result "1/2-1/2"]
[WhiteElo "1317"]
[BlackElo "1572"]
[TimeControl "180+1"]
[EndTime "10:29:38 PDT"]
[Termination "Remíza dohodou"]

1. e4 c5 2. Nf3 g6 3. d4 cxd4 4.
Nxd4 Bg7 5. Bc4 Nc6 6. Nxc6 bxc6 7. c3 Nf6 8. Qf3 O-O 9. O-O d5 10. exd5 cxd5 11. Bb3 Bg4 12. Qe3 e6 13. Nd2 Bf5 14. Nf3 Ng4 15. Qe2 Qd6 16. h3 Ne5 17. g4 Nxf3+ 18. Qxf3 Be4 19. Qg3 Be5 20. f4 Qb6+ 21. Be3 d4 22. cxd4 Bxd4 23. Bxd4 Qxd4+ 24. Qf2 Qxf2+ 25. Rxf2 1/2-1/2

[Event "Betsys MČR v online bleskovém šachu 2021"]
[Site "Chess.com"]
[Date "2021.04.17"]
[Round "9"]
[White "Michal5"]
[Black "AlenaSouralova"]
[Result "1-0"]
[WhiteElo "1206"]
[BlackElo "916"]
[TimeControl "180+1"]
[EndTime "10:29:38 PDT"]
[Termination "Uživatel Michal5 zvítězil na čas"]

1. e4 e5 2. Nf3 Nc6 3. Bc4 Nf6 4.
d3 Bb4+ 5. Bd2 Bc5 6. Nc3 d6 7.
Bg5 Be6 8. Bb3 Qd7 9. h3 O-O-O 10. Qd2 h6 11. Bh4 g5 12. Bg3 Rdg8 13. Bxe6 Qxe6 14.
a3 h5 15. b4 h4 16. Bh2 g4 17.
hxg4 Nxg4 18. bxc5 dxc5 19. Nd5 Nxh2 20. Rxh2 h3 21.
gxh3 Rxh3 22. Rxh3 Qxh3 23. O-O-O Qxf3 24. Qe3 Qg4 25. Qxc5 Qd7 26. Rh1 Kb8 27. Nf6 Qd4 28. Qxd4 Nxd4 29.
Nxg8 Ne2+ 30. Kd2 1-0

[Event "Betsys MČR v online bleskovém šachu 2021"]
[Site "Chess.com"]
[Date "2021.04.17"]
[Round "9"]
[White "ffbp3q"]
[Black "xPsylocke"]
[Result "0-1"]
[WhiteElo "2353"]
[BlackElo "2246"]
[TimeControl "180+1"]
[EndTime "10:29:41 PDT"]
[Termination "Uživatel xPsylocke zvítězil na čas"]

1. d4 Nf6 2. c4 g6 3. Nc3 Bg7 4. e4 d6 5. Nf3 O-O 6. h3 Nbd7 7. Bg5 h6 8. Be3 e5 9. d5 a5 10. g4 h5 11. g5 Ne8 12. Nh4 Nc5 13.
Be2 c6 14. Qd2 cxd5 15. cxd5 Bd7 16. Bxc5 dxc5 17. Bb5 Nd6 18. Bxd7 Qxd7 19. a4 Kh7 20. Qe2 f5 21. gxf6 Bxf6 22. Nf3 c4 23. O-O-O b5 24. axb5 Nxb5 25. Nxb5 Qxb5 26. Rd2 Rab8 27. Rc2 Rfc8 0-1

[Event "Betsys MČR v online bleskovém šachu 2021"]
[Site "Chess.com"]
[Date "2021.04.17"]
[Round "9"]
[White "clarissamcclellan"]
[Black "Hanicka1517"]
[Result "1-0"]
[WhiteElo "1836"]
[BlackElo "1622"]
[TimeControl "180+1"]
[EndTime "10:29:41 PDT"]
[Termination "Uživatel clarissamcclellan zvítězil po vzdání soupeře"]

1. d4 Nf6 2. c4 c5 3. Nf3 cxd4 4. Nxd4 e5 5. Nb5 d5 6. cxd5 Bc5 7. g3 Qb6 8. e3 O-O 9. N5c3 e4 10. Bg2 Re8 11. O-O Bg4 12. Qc2 Bf3 13. Na4 Qb5 14. Nxc5 Rc8 15.
b4 Bxg2 16. Kxg2 b6 17. Ba3 bxc5 18. bxc5 Na6 19. Nc3 Qd3 20. Qxd3 exd3 21. c6 Nc7 22. e4 Nfe8 23. Rad1 Rab8 24. Rxd3 Nb5 25. Nxb5 Rxb5 26. Rb3 Rxb3 27. axb3 f6 28. Rc1 Kf7 29. d6 Nxd6 30. Bxd6 Ke6 31. Bf4 g5 32. Be3 Kd6 33. Bxa7 Rxc6 34.
Rxc6+ Kxc6 35. Bd4 Kb5 36. Bxf6 Kb4 37. Bxg5 Kxb3 38.
e5 1-0

[Event "Betsys MČR v online bleskovém šachu 2021"]
[Site "Chess.com"]
[Date "2021.04.17"]
[Round "9"]
[White "marosino"]
[Black "JosefBara"]
[Result "1-0"]
[WhiteElo "1562"]
[BlackElo "1301"]
[TimeControl "180+1"]
[EndTime "10:29:41 PDT"]
[Termination "Uživatel marosino zvítězil matem"]

1. b3 e6 2. Bb2 d5 3. g3 c5 4.
Bg2 Nc6 5. e3 Nf6 6. Ne2 Be7 7.
O-O O-O 8. d4 cxd4 9. exd4 a6 10. c4 dxc4 11. bxc4 b5 12. c5 Bb7 13. a3 Rb8 14. Nbc3 Na5 15. Na2 Bxg2 16. Kxg2 Qd5+ 17. Kg1 Nc4 18. Rb1 Ne4 19. Nb4 Qd8 20. Bc3 Nxc3 21. Nxc3 a5 22. Nc6 Qc7 23. Nxb8 Rxb8 24. Nxb5 Qc6 25. Nd6 Rxb1 26. Qxb1 Bxd6 27. cxd6 Qxd6 28.
Rd1 h6 29. Qb5 Nxa3 30. Qxa5 Nc2 31. Qc5 Qxc5 32. dxc5 Nb4 33. Rb1 Nc6 34. Rb6 Na5 35. c6 Nxc6 36. Rxc6 Kf8 37. Kg2 Ke7 38. Kf3 Kf6 39.
Ke4 g6 40. f4 h5 41. h3 Kg7 42. Ke5 f6+ 43. Kxe6 g5 44. Rc7+ Kg6 45. fxg5 fxg5 46.
Ke5 g4 47. hxg4 hxg4 48. Kf4 Kh5 49. Rc5+ Kg6 50. Rg5+ Kf6 51. Rxg4 Kf7 52. Rg5 Kf6 53. Ra5 Kf7 54. Ra6 Kg7 55. Kf5 Kf7 56. Ra7+ Kf8 57.
Kf6 Kg8 58. g4 Kh8 59. Kg6 Kg8 60. Ra8# 1-0

[Event "Betsys MČR v online bleskovém šachu 2021"]
[Site "Chess.com"]
[Date "2021.04.17"]
[Round "9"]
[White "PetrSoucek"]
[Black "Nimrod64"]
[Result "1-0"]
[WhiteElo "2017"]
[BlackElo "2239"]
[TimeControl "180+1"]
[EndTime "10:29:44 PDT"]
[Termination "Uživatel PetrSoucek zvítězil po vzdání soupeře"]

1. e4 c5 2. a3 d6 3. b4 Nf6 4. Nc3 cxb4 5. axb4 g6 6. h4 Bg7 7. Bc4 O-O 8. h5 Nxh5 9. Rxh5 gxh5 10. Qxh5 Be6 11.
Bd3 h6 12. Nf3 Nc6 13. Ba3 a5 14. b5 Nb4 15. Ke2 Qb6 16. g4 f6 17. Bxb4 axb4 18.
Rxa8 Rxa8 19. Nd5 Qd8 20. Nd4 Bf7 21. Qf5 Kf8 22. Bc4 Qc8 23. Qxc8+ Rxc8 24. Bb3 e6 25. Nb6 Re8 26. f4 Ke7 27. f5 exf5 28. Nxf5+ Kf8 29. Bxf7 Rxe4+ 30. Kf3 Re5 31. Bc4 h5 32. Nd7+ Ke8 33. Nxe5 dxe5 34. Nxg7+ Kd7 35. Nxh5 Ke7 36. Ke4 1-0

[Event "Betsys MČR v online bleskovém šachu 2021"]
[Site "Chess.com"]
[Date "2021.04.17"]
[Round "9"]
[White "BRNOTEACHER"]
[Black "Zavurka1975"]
[Result "1-0"]
[WhiteElo "2354"]
[BlackElo "2205"]
[TimeControl "180+1"]
[EndTime "10:29:46 PDT"]
[Termination "Uživatel BRNOTEACHER zvítězil po vzdání soupeře"]

1. d4 Nf6 2. c4 d6 3. Nc3 Nbd7 4. Nf3 e5 5. e4 Be7 6. Be2 O-O 7. O-O c6 8. h3 a6 9. Be3 b5 10. cxb5 cxb5 11.
dxe5 dxe5 12. a4 b4 13. Nd5 Nxe4 14. Nxe7+ Qxe7 15. Qd5 Nec5 16. Bxc5 Nxc5 17. Qxa8 Bb7 18. Qa7 e4 19. Nd4 e3 20. Bf3 exf2+ 21. Rxf2 Ra8 22.
Qb6 Bxf3 23. Nxf3 Nd3 24. Rd2 Qe3+ 25. Qxe3 1-0

[Event "Betsys MČR v online bleskovém šachu 2021"]
[Site "Chess.com"]
[Date "2021.04.17"]
[Round "9"]
[White "Danyjel"]
[Black "Fafin1"]
[Result "1-0"]
[WhiteElo "1697"]
[BlackElo "1367"]
[TimeControl "180+1"]
[EndTime "10:29:46 PDT"]
[Termination "Uživatel Danyjel zvítězil po vzdání soupeře"]

1. e4 e5 2. Nf3 d6 3. Bc4 Bg4 4. d3 h6 5. c3 Nf6 6. O-O Be7 7. Re1 O-O 8. Nbd2 c5 9. Nf1 Nc6 10. h3 Bh5 11. Ng3 Bg6 12. Nh4 Bh7 13. Nhf5 Bxf5 14.
Nxf5 Kh7 15. Qf3 g6 16. Nxh6 Kg7 17. Qg3 Na5 18. Bb5 a6 19. Ba4 b5 20. Bc2 c4 21.
Nf5+ Kh7 22. Qh4+ Nh5 23. Nxe7 Ra7 24. g4 Qxe7 25. Qxe7 Rxe7 26. gxh5 gxh5 27. Kh2 Rg8 28. Be3 f6 29. Rg1 Reg7 30. Rxg7+ Rxg7 31. Rg1 Nc6 32.
Rxg7+ Kxg7 33. dxc4 bxc4 34. b3 cxb3 35. axb3 Ne7 36. b4 Kg6 37. Bd3 a5 38. bxa5 Nc6 39. a6 1-0

[Event "Betsys MČR v online bleskovém šachu 2021"]
[Site "Chess.com"]
[Date "2021.04.17"]
[Round "9"]
[White "Dvacetsekund"]
[Black "David_Mic"]
[Result "1/2-1/2"]
[WhiteElo "2192"]
[BlackElo "2001"]
[TimeControl "180+1"]
[EndTime "10:29:48 PDT"]
[Termination "Remíza opakováním pozice"]

1. e4 c5 2. Nf3 Nc6 3. Nc3 Nf6 4. d4 cxd4 5. Nxd4 e5 6. Ndb5 d6 7. Bg5 a6 8. Na3 b5 9. Bxf6 gxf6 10. Nd5 Bg7 11. c3 f5 12. exf5 Bxf5 13. Nc2 Be6 14. g3 Ne7 15. Bg2 Rb8 16. Nce3 Nxd5 17.
Nxd5 O-O 18. O-O a5 19. Qd2 f5 20. a4 bxa4 21. Rxa4 Rf7 22. Rfa1 Rfb7 23. R1a2 Rb5 24. c4 Rc5 25. Rxa5 Rxa5 26. Rxa5 Rxb2 27. Qxb2 Qxa5 28.
Qb8+ Bf8 29. Nf6+ Kf7 30. Bd5 Bxd5 31. Nxd5 Qe1+ 32. Kg2 Qe4+ 33. Kg1 Qe1+ 34. Kg2 Qe4+ 35. Kg1 Qe1+ 1/2-1/2

[Event "Betsys MČR v online bleskovém šachu 2021"]
[Site "Chess.com"]
[Date "2021.04.17"]
[Round "9"]
[White "l_pavlasek"]
[Black "JIDEMONI"]
[Result "0-1"]
[WhiteElo "1663"]
[BlackElo "1885"]
[TimeControl "180+1"]
[EndTime "10:29:49 PDT"]
[Termination "Uživatel JIDEMONI zvítězil po vzdání soupeře"]

1. e4 e6 2. d4 d5 3. exd5 exd5 4. Nf3 Bd6 5. Bd3 Ne7 6. O-O Bf5 7. Bg5 f6 8. Bxf5 Nxf5 9. Re1+ Ne7 10. Bd2 O-O 11.
c3 Qd7 12. Be3 c6 13. Nbd2 Na6 14. Nb3 b6 15. Qd2 Nc7 16. Re2 Rae8 17. Rae1 Nf5 18.
Bf4 Bxf4 19. Qxf4 Nd6 20. Rxe8 Rxe8 21. Rxe8+ Ncxe8 22. h3 Qe6 23. Qd2 Nc4 24. Qc1 Ned6 25. Nbd2 g6 26. b3 Nxd2 27. Qxd2 Kg7 28. Kf1 a5 29. h4 h5 30. a3 Qe4 31. Qe2 Qxe2+ 32. Kxe2 Nb5 33. c4 dxc4 34. bxc4 Nxa3 35. Kd3 b5 36.
cxb5 cxb5 37. Kc3 Kf7 38. Nd2 Ke6 39. Kb3 Nc4 40. Nxc4 bxc4+ 41. Kxc4 a4 42. Kb4 Kd5 43. Kxa4 Kxd4 44. Kb3 Kd3 45. f3 Ke3 46. Kc3 g5 47.
hxg5 fxg5 48. Kc2 h4 49. Kd1 Kf2 50. f4 gxf4 0-1

[Event "Betsys MČR v online bleskovém šachu 2021"]
[Site "Chess.com"]
[Date "2021.04.17"]
[Round "9"]
[White "g4g5g4g5"]
[Black "sodikus"]
[Result "0-1"]
[WhiteElo "2000"]
[BlackElo "2253"]
[TimeControl "180+1"]
[EndTime "10:29:50 PDT"]
[Termination "Uživatel sodikus zvítězil matem"]

1. e4 e5 2. Nf3 Nc6 3. Bb5 a6 4. Ba4 Nf6 5. O-O Be7 6. Re1 b5 7. Bb3 d6 8. c3 O-O 9. h3 Na5 10. Bc2 c5 11. d4 Qc7 12. Nbd2 cxd4 13. cxd4 Rd8 14. d5 Bd7 15. b3 Rdc8 16. Bd3 Qc3 17.
Nf1 Qxa1 18. Ne3 Qxa2 19. Bd2 Nxb3 20. Bb1 Qb2 21. Nf5 Bxf5 22. exf5 Nxd2 23. Nxd2 Nxd5 24. Ne4 Nc3 25. Qg4 Nxb1 26. f6 Bf8 27. Nxd6 Rc1 28. Nf5 Rxe1+ 29. Kh2 Rh1+ 30. Kg3 Qc3+ 31. f3 Qe1# 0-1

[Event "Betsys MČR v online bleskovém šachu 2021"]
[Site "Chess.com"]
[Date "2021.04.17"]
[Round "9"]
[White "Smetanka674"]
[Black "Mikkes33"]
[Result "1-0"]
[WhiteElo "1762"]
[BlackElo "1493"]
[TimeControl "180+1"]
[EndTime "10:29:50 PDT"]
[Termination "Uživatel Smetanka674 zvítězil na čas"]

1. d4 Nf6 2. c4 e6 3. Nc3 d5 4. Nf3 b6 5. Bg5 Bb7 6. e3 Be7 7. Qc2 Nbd7 8. Bd3 O-O 9. O-O c5 10.
dxc5 bxc5 11. cxd5 exd5 12. Rfd1 Rc8 13. Qa4 a6 14.
Rac1 Qb6 15. Qc2 d4 16. exd4 Bxf3 17. gxf3 cxd4 18. Qe2 dxc3 19. Qxe7 cxb2 20. Rb1 Rfe8 21. Qa3 Qd4 22. Bxh7+ Nxh7 23. Rxd4 Nxg5 24. Rxd7 Nxf3+ 25. Kg2 Ne1+ 26. Rxe1 Rxe1 27. Qxb2 Rec1 28. Qb7 Rf8 29. Qxa6 Rc2 30. a4 g6 31. Qb5 1-0

[Event "Betsys MČR v online bleskovém šachu 2021"]
[Site "Chess.com"]
[Date "2021.04.17"]
[Round "9"]
[White "Cenisuh"]
[Black "Koli05"]
[Result "0-1"]
[WhiteElo "1611"]
[BlackElo "1850"]
[TimeControl "180+1"]
[EndTime "10:29:51 PDT"]
[Termination "Uživatel Koli05 zvítězil na čas"]

1. d4 d5 2. Nf3 e6 3. g3 Nf6 4. Bg2 c5 5. O-O Nc6 6. c4 Be7 7. cxd5 Nxd5 8. Nc3 Bf6 9. Nxd5 Qxd5 10. dxc5 Qxc5 11. Be3 Qe7 12. Rb1 O-O 13. Qc2 e5 14.
Bc5 Qe6 15. Bxf8 Kxf8 16. e3 Qxa2 17. Rfd1 Be6 18. Ra1 Qc4 19. Nd2 Qxc2 20. Ne4 Bf5 21. Nxf6 gxf6 22. Rdc1 Qxb2 23. e4 Be6 24. Rab1 Qd2 25.
Rd1 Qa2 26. Rxb7 Nd4 27. Rdb1 a5 28. h3 a4 0-1